 Dungeon Crawl Stone Soup version 0.27.1-35-g4d5d836560 (console) character file.

Game seed: 11621368262294262159

613 grimtooth the Stinger (level 7, -1/49 HPs)
             Began as a Merfolk Venom Mage on May 4, 2022.
             Was an Initiate of Fedhas.
             Killed from afar by a white imp (9 damage)
             ... with a puff of frost
             ... on level 5 of the Dungeon on May 5, 2022.
             The game lasted 00:22:14 (5786 turns).

grimtooth the Stinger (Merfolk Venom Mage)          Turns: 5786, Time: 00:22:15

Health: -1/49      AC:  6    Str:  9    XL:     7   Next: 44%
Magic:  13/13      EV: 15    Int: 22    God:    Fedhas [......]
Gold:   124        SH:  0    Dex: 14    Spells: 4/14 levels left

rFire    . . .     SeeInvis .   a - +0 dagger
rCold    . . .     Faith    .   (no shield)
rNeg     . . .     Spirit   .   A - +0 leather armour
rPois    .         Reflect  .   p - +2 helmet
rElec    .         Harm     .   (no cloak)
rCorr    .         Rampage  .   (no gloves)
Will     .....                  (boots currently unavailable)
Stlth    +++.......             (no amulet)
HPRegen  0.16/turn              s - +6 ring of intelligence
MPRegen  0.13/turn              v - ring of wizardry

@: very quick
A: nimble swimmer 2, mertail
a: Renounce Religion


You were on level 5 of the Dungeon.
You worshipped Fedhas.
Fedhas was noncommittal.
You visited 2 branches of the dungeon, and saw 6 of its levels.

You collected 124 gold pieces.

Inventory:

Hand Weapons
 a - a +0 dagger (weapon)
 b - a +0 hunting sling
Missiles
 d - 65 stones
 i - 5 datura-tipped darts
 j - 31 sling bullets
 B - 14 poisoned darts (quivered)
Armour
 c - a +0 robe
 p - a +2 helmet (worn)
 y - a +0 pair of boots (melded)
 A - a +0 leather armour (worn)
Jewellery
 g - a ring of willpower
 s - a +6 ring of intelligence (left hand)
 v - a ring of wizardry (right hand)
Wands
 q - a wand of iceblast (10)
Scrolls
 h - a scroll of enchant weapon {unknown}
 l - a scroll of teleportation {unknown}
 m - a scroll of magic mapping {unknown}
 r - a scroll of fear {unknown}
 t - 2 scrolls of identify {unknown}
 w - a scroll of immolation {unknown}
 x - 3 scrolls of acquirement {unknown}
Potions
 e - 2 potions of curing {unknown}
 f - a potion of mutation {unknown}
 k - a potion of might {unknown}
 n - 3 potions of brilliance {unknown}
 o - a potion of resistance {unknown}
 u - a potion of lignification {unknown}
 z - a potion of heal wounds {unknown}


   Skills:
 + Level 1.6 Fighting
 - Level 2.6 Dodging
 - Level 2.1 Stealth
 - Level 4.0 Spellcasting
 - Level 1.3 Transmutations
 * Level 7.9 Poison Magic


You had 4 spell levels left.
You knew the following spells:

 Your Spells              Type           Power      Damage    Failure   Level
a - Sting                 Tmut/Pois      96%        1d7       1%          1
b - Poisonous Vapours     Pois/Air       42%        N/A       1%          2
c - Mephitic Cloud        Conj/Pois/Air  16%        N/A       6%          3
d - Olgreb's Toxic Radia  Pois           39%        N/A       2%          4

Your spell library contained the following spells:

 Spells                   Type           Power      Damage    Failure   Level
 Magic Dart               Conj           16%        1d3       6%          1
 Call Imp                 Summ           4%         N/A       10%         2
 Summon Lightning Spire   Summ/Air       4%         N/A       50%         4
 Storm Form               Tmut/Air       3%         N/A       100%        7
 Maxwell's Capacitive Co  Air            2%         ∞         100%        8


Dungeon Overview and Level Annotations

Branches:
Dungeon (5/15)             Temple (1/1) D:4

Altars:
Ashenzari
Cheibriados
Fedhas
Gozag
Hepliaklqana
Kikubaaqudgha
Nemelex Xobeh
Ru
Sif Muna
Trog
Uskayaw
Xom
Yredelemnul
The Shining One

Shops:
D:3 (   D:5 (:

Annotations:
D:1 dig
D:5 1 transporter


Innate Abilities, Weirdness & Mutations

You are quick and stealthy near water. (Stealth+, EV+, Speed+++)
Your lower body shifts to a powerful aquatic tail in water.


Message History

The puff of frost hits you!
You hit the white imp but do no damage.
You tail-slap the white imp, but do no damage.
The white imp is heavily wounded.
The white imp gestures at you. The puff of frost misses you.
You hit the white imp but do no damage.
The white imp is heavily wounded.
The white imp picks up a beetle and eats it.
The white imp hits you but does no damage.
You hit the white imp but do no damage. You tail-slap the white imp.
The white imp is severely wounded.
The white imp closely misses you.
You hit the white imp but do no damage.
Your tail-slap misses the white imp.
The white imp is severely wounded.
The white imp completely misses you.
You barely miss the white imp.
The white imp is severely wounded.
The white imp gestures at you. The puff of frost hits you!
You completely miss the white imp.
Your tail-slap misses the white imp.
The white imp is severely wounded.
The white imp hits you but does no damage.
You hit the white imp.
The white imp is almost dead.
The white imp gestures at you. The puff of frost hits you.
* * * LOW HITPOINT WARNING * * *
You hit the white imp but do no damage.
You tail-slap the white imp, but do no damage.
The white imp is almost dead.
The white imp gestures at you. The puff of frost hits you!
* * * LOW HITPOINT WARNING * * *
You hit the white imp but do no damage.
The white imp is almost dead.
The white imp gestures at you. The puff of frost hits you!
You die...
Fedhas appreciates your contribution to the ecosystem.

♣.≈ #####.8####.
..≈ #.####.# #.#
#..# ♣...≈≈...
#.# #... ♣.∩.≈≈.8
♣ #.# #...
♣...≈≈.$.♣ #.
#... ♣.♣.≈≈.♣.
#..# ...≈≈.. #.#.
♣.≈≈.♣ #.##
####.≈5.# #. #
#....≈@.# #.
#....≈≈.#########
#.##
#....≈≈..........
.....
###..≈≈.<########
##...
####.......#
...##
###...........#
#####.#####.# #.#
#.# #.. ###


You could see a white imp.

Vanquished Creatures
  A sky beast (D:5)
  A scorpion (D:2)
  A water moccasin skeleton (D:4)
  A howler monkey (D:4)
  A bullfrog skeleton (D:5)
  An orc priest (D:3)
  4 orc wizards
  Robin (D:2)
  3 gnolls
  6 adders
  An ufetubus (D:3)
  An adder skeleton (D:4)
  A dart slug (D:4)
  12 orcs
  2 ball pythons
  7 endoplasms
  A giant cockroach (D:1)
  20 goblins
  4 hobgoblins
  11 jackals
  7 kobolds
  5 bats
  4 frilled lizards
  6 rats
102 creatures vanquished.

Notes
Turn   | Place    | Note
-------+----------+-------------------------------------------
     0 | D:1      | grimtooth the Merfolk Venom Mage began the quest for the
                  | Orb.
     0 | D:1      | Reached XP level 1. HP: 13/13 MP: 3/3
   127 | D:1      | Reached XP level 2. HP: 19/19 MP: 3/5
   560 | D:1      | Learned a level 2 spell: Poisonous Vapours
   614 | D:2      | Reached skill level 4 in Poison Magic
   980 | D:2      | Noticed a scorpion
   988 | D:2      | Killed a scorpion
   989 | D:2      | Reached XP level 3. HP: 24/24 MP: 0/7
   989 | D:2      | Reached XP level 4. HP: 30/30 MP: 0/8
  1063 | D:2      | Reached skill level 5 in Poison Magic
  2147 | D:2      | Noticed Robin
  2224 | D:2      | Killed Robin
  2225 | D:2      | Reached XP level 5. HP: 27/35 MP: 1/9
  2363 | D:3      | Found a snail-covered altar of Cheibriados.
  2616 | D:3      | Found Muillu's Weapon Shoppe.
  3871 | D:4      | Reached skill level 6 in Poison Magic
  4090 | D:3      | Reached XP level 6. HP: 35/41 MP: 6/11
  4501 | D:4      | Reached skill level 7 in Poison Magic
  4579 | D:4      | Reached XP level 7. HP: 40/46 MP: 5/13
  4750 | D:4      | Found a staircase to the Ecumenical Temple.
  4998 | Temple   | Entered the Ecumenical Temple
  5198 | Temple   | Became a worshipper of Fedhas Madash
  5225 | D:4      | Learned a level 3 spell: Mephitic Cloud
  5230 | D:4      | Learned a level 4 spell: Olgreb's Toxic Radiance
  5250 | D:5      | Entered Level 5 of the Dungeon
  5250 | D:5      | Found Kostruh's Book Shop.
  5270 | D:5      | Reached skill level 1 in Fighting
  5303 | D:5      | Found a transporter.
  5767 | D:5      | Found Xeuleix's Antique Weapon Boutique.
  5786 | D:5      | Killed from afar by a white imp

Illustrated notes

Levels and vault maps discovered:
D:1:      mushboom_english_gardens, layout_rooms, item_on_display_a
D:2:      minmay_diamond_boxcup, layout_basic, uniq_robin
D:3:      layout_basic, cheibriados_altar_1, serial_shops,
          nicolae_shop_behind_doors, grunt_ministairs_12,
          chequers_serial_rivers_micro_a
D:4:      layout_basic, minmay_temple_entry_wispy
D:5:      gammafunk_wand_slinger, layout_loops_ring,
          grunt_dithmenos_smoke_and_mirrors, serial_shops,
          nicolae_stop_n_shop_2, nicolae_wooded_promenade,
          hangedman_decor_diamond_cutter
Temple:   nicolae_temple_figure_eight

Skill      XL: |  1  2  3  4  5  6  7 |
---------------+----------------------+-----
Poison Magic   | 4 5 6 7 |  7.9
Spellcasting   | 3 4 |  4.0
Fighting       | 1 |  1.6
Dodging        | |  2.6
Stealth        | |  2.1
Transmutations | |  1.3

Action                   |  1- 3 |  4- 6 |  7- 9 || total
-------------------------+-------+-------+-------++-------
Melee: Dagger            |    16 |    55 |    53 ||   124
       Tailslap          |       |       |     5 ||     5
 Fire: Hunting sling     |       |   100 |     4 ||   104
Throw: Stone             |    18 |    11 |       ||    29
 Cast: Sting             |    28 |   100 |    13 ||   141
       Poisonous Vapours |     1 |     6 |    12 ||    19
Armor: Robe              |     7 |    41 |     2 ||    50
       Leather armour    |       |       |    19 ||    19
Dodge: Dodged            |    18 |    90 |    36 ||   144
